 Dungeon Crawl Stone Soup version 0.19.5 (webtiles) character file.

1141 juanjsm the Sneak (level 8, 0/40 HPs)
             Began as a Spriggan Enchanter on May 3, 2017.
             Slain by an adder zombie (1 damage)
             ... in an ossuary.
             The game lasted 00:26:05 (4412 turns).

juanjsm the Sneak (Spriggan Enchanter)              Turns: 4412, Time: 00:26:07

Health: 0/40       AC:  2    Str:  4    XL:     8   Next: 14%
Magic:  6/26       EV: 22    Int: 19    God:
Gold:   261        SH:  0    Dex: 16    Spells: 4 memorised, 9 levels left

rFire  . . .     SeeInvis +     a - +1 dagger
rCold  + . .     Gourm    .     y - +0 robe {rC+}
rNeg   . . .     Faith    .     (shield restricted)
rPois  .         Spirit   .     (helmet restricted)
rElec  .         Reflect  .     (no cloak)
rCorr  .         Harm     .     (gloves unavailable)
MR     +....                    (boots unavailable)
Stlth  ++++......               (no amulet)
                                (no ring)
                                e - ring of magical power

@: very quick
A: unfitting armour, see invisible, herbivore 3, speed 3, slow metabolism 2
a: no special abilities


You were in an ossuary.
You were hungry.

You visited 1 branch of the dungeon, and saw 5 of its levels.
You also visited: Sewer and Ossuary.

You collected 261 gold pieces.

Inventory:

Hand Weapons
 a - a +1 dagger (weapon)
 D - a +1 short sword of protection
Missiles
 l - a throwing net (quivered)
Armour
 b - a +1 robe
 y - a +0 robe of cold resistance (worn)
Jewellery
 e - a ring of magical power (left hand)
Wands
 m - a wand of random effects (25/48)
 v - a wand of digging (15/24)
Scrolls
 g - 3 scrolls of enchant weapon {unknown}
 h - 3 scrolls of remove curse {unknown}
 i - 2 scrolls of enchant armour {unknown}
 j - 4 scrolls of identify
 p - 2 scrolls of amnesia {unknown}
 r - a scroll of fear {unknown}
 s - a scroll of teleportation {unknown}
 u - a scroll of immolation {unknown}
 z - a scroll of blinking {unknown}
Potions
 k - a potion of curing
 n - a potion of agility
 o - 3 potions of resistance
 t - a potion of berserk rage {unknown}
 w - a potion of brilliance {unknown}
 B - a potion of mutation {unknown}
 C - a potion of degeneration {unknown}
Books
 c - a book of Maledictions

   Spells                             Type                      Level
   a - Corona                         Hexes                        1
   b - Ensorcelled Hibernation        Hexes/Ice                    2
   c - Confuse                        Hexes                        3
   d - Tukima's Dance                 Hexes                        3
   e - Dazzling Spray                 Conjuration/Hexes            3
Comestibles
 d - 3 bread rations


   Skills:
 + Level 3.0 Fighting
 + Level 4.0 Short Blades
 + Level 6.3 Dodging
 + Level 7.5 Stealth
 + Level 5.5 Spellcasting
 + Level 6.1 Hexes


You had 9 spell levels left.
You knew the following spells:

 Your Spells              Type           Power        Failure   Level  Hunger
a - Corona                Hex            ####...      1%          1    None
b - Ensorcelled Hibernat  Hex/Ice        ###...       8%          2    None
c - Confuse               Hex            ####....     3%          3    ##.....
d - Dazzling Spray        Conj/Hex       ###...       12%         3    ##.....


Dungeon Overview and Level Annotations

Branches:
Dungeon (5/15)
 Temple: D:4-7

Altars:
Fedhas

Shops:
D:4 (

Annotations:
D:2 Natasha Ossuary MirrMurr's ghost, novice TrAM


Innate Abilities, Weirdness & Mutations

You are very small and have problems with some larger weapons.
You are too small for most types of armour.
You have supernaturally acute eyesight. (SInv)
You are a herbivore.
You cover ground extremely quickly.
You need consume almost no food.


Message History

The hound zombie is severely damaged.
The worker ant zombie bites the hound zombie.
The hound zombie bites the worker ant zombie but does no damage.
Found a scroll labeled DYAPRA REWN.
Found five items.
Found three items.
You enter the shallow water.
Moving in this stuff is going to be slow.
You enter the shallow water.
Moving in this stuff is going to be slow.
MirrMurr's ghost shouts, "You must not succeed where I failed!"
You enter the shallow water.
Moving in this stuff is going to be slow.
MirrMurr's ghost shrieks, "You must not succeed where I failed!"
You open the door.
An adder zombie comes into view.
You completely miss the adder zombie. The adder zombie bites you.
* * * LOW HITPOINT WARNING * * *
The adder zombie bites you.
You die...

##≈P'≈#!!!# #!!!#≈≈.##
#≈#≈#≈#####'#####≈#≈#
###.≈≈≈≈M≈Z≈≈≈..≈≈..# #
#≈≈≈≈.#####'#####≈≈≈#≈#
##≈P≈.#...# #∩..#W..≈##
#≈#≈≈#...###.∩.#≈≈#≈≈#
#≈#..≈#...#.#...#...#≈#
##≈≈#.##'##'##'##.≈#≈##
##.'...........@...##
###'#'#'#+#'#'#Z###
#.#.#.# #.#.#.# #######
#######


You could see MirrMurr's ghost and an adder zombie.

Vanquished Creatures
  Duvessa (D:5)
  Purgy (Sewer)
  An ogre (D:4)
  A water moccasin zombie (Ossuary)
  Dowan (D:5)
  2 centaur zombies (Ossuary)
  2 bullfrog zombies (Ossuary)
  An orc priest (D:3)
  2 orc wizards
  A bullfrog skeleton (D:4)
  Natasha (twice) (D:2)
  3 worker ants (D:4)
  A killer bee zombie (Ossuary)
  2 hound zombies (Ossuary)
  11 mummies (Ossuary)
  A worker ant zombie (Ossuary)
  4 adders
  An adder zombie (Ossuary)
  2 oozes
  6 worms
  2 dart slugs (D:2)
  6 leopard geckos
  7 orcs
  3 giant cockroaches
  7 goblins
  7 hobgoblins
  6 jackals
  3 quokkas
  12 bats
  4 frilled lizards
  2 jackal zombies (Ossuary)
  4 kobolds
  2 leopard gecko zombies (Ossuary)
  2 quokka zombies (Ossuary)
  6 rats
119 creatures vanquished.

Vanquished Creatures (others)
  4 withered plants (Ossuary)
4 creatures vanquished.

Grand Total: 123 creatures vanquished

Notes
Turn   | Place    | Note
-------+----------+-------------------------------------------
     0 | D:1      | juanjsm the Spriggan Enchanter began the quest for the Orb.
     0 | D:1      | Reached XP level 1. HP: 9/9 MP: 5/5
   304 | D:1      | Reached XP level 2. HP: 14/14 MP: 6/6
   308 | D:1      | Learned a level 2 spell: Ensorcelled Hibernation
   859 | D:2      | Found a blossoming altar of Fedhas.
   924 | D:2      | Reached XP level 3. HP: 15/17 MP: 1/8
   942 | D:2      | Reached skill level 1 in Fighting
   968 | D:2      | Noticed Natasha
   970 | D:2      | Killed Natasha
  1129 | D:2      | Reached skill level 5 in Stealth
  1203 | D:2      | Reached XP level 4. HP: 17/22 MP: 9/9
  1208 | D:2      | Learned a level 3 spell: Confuse
  1212 | D:2      | Learned a level 3 spell: Dazzling Spray
  1483 | D:2      | Noticed Natasha
  1740 | D:2      | Killed Natasha
  1888 | D:2      | Noticed Natasha
  1945 | D:3      | Reached XP level 5. HP: 25/25 MP: 8/11
  2297 | D:3      | Found a faded altar of an unknown god.
  2405 | D:3      | Found a glowing drain.
  2410 | Sewer    | Entered a sewer
  2446 | Sewer    | Noticed Purgy
  2462 | Sewer    | Killed Purgy
  2462 | Sewer    | Reached XP level 6. HP: 30/30 MP: 4/13
  2591 | D:3      | Reached skill level 5 in Hexes
  2791 | D:4      | Reached skill level 6 in Stealth
  3093 | D:4      | Reached skill level 5 in Dodging
  3155 | D:4      | Reached XP level 7. HP: 22/35 MP: 10/14
  3559 | D:4      | Found Dovewkon's Antique Weapon Shoppe.
  3628 | D:5      | Entered Level 5 of the Dungeon
  3630 | D:5      | Noticed Dowan
  3660 | D:5      | Killed Dowan
  3661 | D:5      | Noticed Duvessa
  3712 | D:5      | Killed Duvessa
  3773 | D:5      | Found a sand-covered staircase.
  3783 | Ossuary  | Entered an ossuary
  3846 | Ossuary  | Reached skill level 5 in Spellcasting
  3857 | Ossuary  | Reached skill level 7 in Stealth
  3985 | Ossuary  | Reached XP level 8. HP: 37/39 MP: 1/16
  4227 | Ossuary  | Noticed MirrMurr's ghost (novice TrAM)
  4366 | Ossuary  | HP: 2/40 [MirrMurr's ghost (19)]
  4375 | Ossuary  | HP: 1/40 [MirrMurr's ghost (1)]
  4411 | Ossuary  | HP: 1/40 [adder zombie (4)]
  4412 | Ossuary  | Slain by an adder zombie

Skill      XL: |  1  2  3  4  5  6  7  8 |
---------------+-------------------------+-----
Hexes          | 4 5 6 |  6.1
Fighting       | 1 2 3 |  3.0
Spellcasting   | 3 4 5 |  5.5
Stealth        | 5 6 7 |  7.5
Short Blades   | 2 3 4 |  4.0
Dodging        | 4 5 6 |  6.3

Action                   |  1- 3 |  4- 6 |  7- 9 || total
-------------------------+-------+-------+-------++-------
Melee: Dagger            |    83 |    85 |   218 ||   386
 Cast: Corona            |     7 |     1 |       ||     8
       Ensorcelled Hiber |    30 |    47 |     5 ||    82
       Confuse           |       |    10 |    48 ||    58
       Dazzling Spray    |       |     5 |     5 ||    10
  Use: Potion            |       |       |     6 ||     6
       Scroll            |       |       |     2 ||     2
 Stab: Sleeping          |    18 |    38 |     6 ||    62
       Confused          |       |     5 |    21 ||    26
       Invisible         |       |     2 |       ||     2
  Eat: Bread ration      |       |     1 |       ||     1
       Fruit             |       |       |     1 ||     1
       Royal jelly       |       |       |     1 ||     1
Armor: Robe              |     7 |    15 |     4 ||    26
Dodge: Dodged            |    53 |    95 |   142 ||   290
